 Dungeon Crawl Stone Soup version 0.23.2-1-ga50397a6bc (webtiles) character file.

Game seed: 14236155281002396232

2915 Mrkan the Grappler (level 9, -3/80 HPs)
             Began as a Troll Monk on May 23, 2019.
             Was a Priest of Ru.
             Slain by a death yak (21 damage)
             ... on level 9 of the Dungeon.
             The game lasted 00:15:50 (6025 turns).

Mrkan the Grappler (Troll Monk)                     Turns: 6025, Time: 00:15:51

Health: -3/80      AC:  9    Str: 21    XL:     9   Next: 50%
Magic:  8/8        EV:  9    Int:  6    God:    Ru [***...]
Gold:   440        SH:  0    Dex: 15    Spells: 8/8 levels left

rFire    . . .     SeeInvis .     - Unarmed
rCold    . . .     Gourm    +   (no shield)
rNeg     . . .     Faith    .   n - +0 steam dragon scales
rPois    .         Spirit   .   (helmet restricted)
rElec    .         Reflect  .   (no cloak)
rCorr    .         Harm     .   (gloves unavailable)
MR       +....                  (boots unavailable)
Stlth    ++........             (no amulet)
HPRegen  0.63/turn              y - ring of protection from magic
MPRegen  0.11/turn              (no ring)

@: no status effects
A: large, unfitting armour, claws 3, fast metabolism 3, gourmand, regeneration
1, shaggy fur 1, tough skin 3, inability to use devices, inability to train
dodging
a: Draw Out Power, Renounce Religion


You were on level 9 of the Dungeon.
You worshipped Ru.
Ru was most pleased with you.
You were completely stuffed.

You visited 1 branch of the dungeon, and saw 9 of its levels.
You also visited: Sewer.

You collected 440 gold pieces.

Inventory:

Missiles
 f - 6 large rocks
 q - 207 stones (quivered)
Armour
 d - a +0 robe of fire resistance
 n - +0 steam dragon scales (worn)
Jewellery
 y - a ring of protection from magic (left claw)
Scrolls
 c - 3 scrolls of remove curse
 e - a scroll of fear
 g - 3 scrolls of blinking
 j - 6 scrolls of identify
 l - 3 scrolls of fog
 s - a scroll of teleportation
 t - a scroll of holy word {unknown}
 z - a scroll of amnesia
Potions
 h - 2 potions of lignification {unknown}
 i - 3 potions of degeneration {unknown}
 k - a potion of cancellation {unknown}
 m - 3 potions of curing {unknown}
 o - a potion of berserk rage {unknown}
 p - 5 potions of heal wounds {unknown}
 r - 3 potions of flight {unknown}
 u - a potion of magic {unknown}
 v - a potion of might {unknown}
 w - 2 potions of brilliance {unknown}
 x - 2 potions of agility {unknown}
Comestibles
 a - 7 chunks of flesh
 b - 13 rations


   Skills:
 - Level 2.4 Fighting
 * Level 9.0 Throwing
 - Level 1.0 Stealth
 - Level 9.4 Unarmed Combat


You had 8 spell levels left.
You didn't know any spells.
Your spell library was empty.

Dungeon Overview and Level Annotations

Branches:
Dungeon (9/15)             Temple (0/1) D:6            Lair (0/6) D:9
    Orc: D:9-12

Altars:
Cheibriados
Dithmenos
Elyvilon
Hepliaklqana
Ru
Xom
Zin

Annotations:
D:8 1 runed translucent door


Innate Abilities, Weirdness & Mutations

You are too large for most types of armour.
You have claws for hands.
Your metabolism is lightning-fast.
You like to eat raw meat.
Your natural rate of healing is unusually fast.
You are covered in fur. (AC +1)
You have extremely tough skin. (AC +3)
You cannot study or use magical devices.
You cannot train Dodging skill.


Message History

You claw the death yak!
The death yak is moderately wounded.
The death yak closely misses you.
You scratch the death yak but do no damage.
The death yak is moderately wounded.
The death yak gores you.
You scratch the death yak. You claw the death yak.
The death yak is moderately wounded.
The death yak gores you!!
You claw the death yak!
The death yak is heavily wounded.
The death yak gores you!
* * * LOW HITPOINT WARNING * * *
You barely miss the death yak.
The death yak is heavily wounded.
The death yak barely misses you.
You claw the death yak!
The death yak is severely wounded.
The death yak gores you!!
You die...

...... +........ ......
#.[....# ..... #......# ...
#......# .####'##......#
..........>...#
..............#
..............#######
########.......Y@...########+
#......#.########............
#......#.# #............
#.....##.# #............
#.....#..# #....########
####'##..########.>..#
...............÷.....#
....<..........÷.....#
..........######....(#


You could see a death yak.

Vanquished Creatures
  A troll (D:9)
  A spriggan (D:8)
  A steam dragon (D:6)
  Duvessa (D:5)
  An ice beast (D:8)
  A phantom (D:5)
  2 sky beasts
  A necrophage (D:8)
  A centaur (D:8)
  6 ogres
  2 big kobolds
  Blork the orc (D:5)
  3 bullfrogs
  Dowan (D:5)
  2 howler monkeys
  4 hounds
  An orc priest (D:7)
  3 jellies
  2 orc wizards
  3 bullfrog skeletons
  A centaur skeleton (D:5)
  3 iguanas
  6 worker ants
  A hound zombie (D:7)
  6 adders
  2 river rats (Sewer)
  2 shadow imps
  An ooze (D:2)
  A worm (D:4)
  A leopard gecko (D:4)
  10 orcs
  9 bats
  6 giant cockroaches
  9 goblins
  5 hobgoblins
  7 jackals
  3 quokkas
  A ball python (D:4)
  A ball python skeleton (D:5)
  3 frilled lizards
  A jackal skeleton (D:6)
  16 kobolds
  A quokka skeleton (D:7)
  6 rats
140 creatures vanquished.

Vanquished Creatures (others)
  A kobold (D:8)
  A fungus (D:6)
2 creatures vanquished.

Grand Total: 142 creatures vanquished

Notes
Turn   | Place    | Note
-------+----------+-------------------------------------------
     0 | D:1      | Mrkan the Troll Monk began the quest for the Orb.
     0 | D:1      | Reached XP level 1. HP: 22/22 MP: 0/0
   244 | D:1      | Reached XP level 2. HP: 29/29 MP: 1/1
   913 | D:2      | Reached XP level 3. HP: 34/36 MP: 2/2
  1101 | D:2      | Found a faded altar of an unknown god.
  1101 | D:2      | Found a hazy altar of Hepliaklqana.
  1106 | D:2      | Found a faded altar of an unknown god.
  1108 | D:2      | Found a shimmering altar of Xom.
  1109 | D:2      | Found a snail-covered altar of Cheibriados.
  1478 | D:3      | Found a faded altar of an unknown god.
  1505 | D:3      | Reached skill level 5 in Unarmed Combat
  1505 | D:3      | Reached XP level 4. HP: 23/44 MP: 3/3
  2218 | D:4      | Reached XP level 5. HP: 50/50 MP: 4/4
  2376 | D:4      | Found a glowing drain.
  2392 | Sewer    | Entered a sewer
  2488 | Sewer    | Reached XP level 6. HP: 35/59 MP: 5/5
  2513 | Sewer    | Found a white marble altar of Elyvilon.
  2681 | D:4      | Found a shadowy altar of Dithmenos.
  2684 | D:4      | Found a sacrificial altar of Ru.
  2687 | D:4      | Found a glowing silver altar of Zin.
  2939 | D:4      | Became a worshipper of Ru the Awakened
  2947 | D:4      | Gained mutation: You cannot study or use magical devices.
                  | [Ru sacrifice]
  2947 | D:4      | Reached * piety under Ru
  2947 | D:4      | Reached ** piety under Ru
  2984 | D:5      | Entered Level 5 of the Dungeon
  3083 | D:5      | Noticed a sky beast
  3091 | D:5      | Killed a sky beast
  3092 | D:5      | Noticed Blork the orc
  3106 | D:5      | Killed Blork the orc
  3106 | D:5      | Reached XP level 7. HP: 56/66 MP: 6/6
  3377 | D:5      | Noticed Duvessa
  3377 | D:5      | Noticed Dowan
  3388 | D:5      | Killed Duvessa
  3398 | D:5      | Killed Dowan
  4040 | D:6      | Reached skill level 1 in Throwing
  4044 | D:6      | Reached XP level 8. HP: 24/74 MP: 7/7
  4081 | D:6      | Found a staircase to the Ecumenical Temple.
  4413 | D:6      | Reached skill level 5 in Throwing
  4730 | D:7      | Gained mutation: You cannot train Dodging skill. [Ru
                  | sacrifice]
  4730 | D:7      | Reached *** piety under Ru
  5418 | D:8      | Reached XP level 9. HP: 45/80 MP: 8/8
  5654 | D:8      | Found a white marble altar of Elyvilon.
  5654 | D:8      | Found a runed translucent door.
  5654 | D:8      | Noticed an angel
  5968 | D:9      | Noticed a troll
  5987 | D:9      | Killed a troll
  6005 | D:9      | Found a staircase to the Lair.
  6005 | D:9      | Noticed a death yak
  6025 | D:9      | Slain by a death yak

Skill      XL: |  1  2  3  4  5  6  7  8  9 |
---------------+----------------------------+-----
Unarmed Combat | 4 5 7 8 9 |  9.4
Throwing       | 2 7 9 |  9.0
Dodging        | 0 |  0.0
Fighting       | |  2.4
Stealth        | |  1.0

Action                   |  1- 3 |  4- 6 |  7- 9 || total
-------------------------+-------+-------+-------++-------
Melee: Unarmed           |    98 |   126 |   210 ||   434
       Punch             |     1 |     2 |    14 ||    17
Invok: Sacrifice Artific |       |     1 |       ||     1
       Sacrifice Nimblen |       |       |     1 ||     1
  Use: Scroll            |       |       |    13 ||    13
 Stab: Sleeping          |     4 |     4 |       ||     8
  Eat: Chunk             |    16 |    14 |    31 ||    61
Armor: Robe              |    55 |    38 |    14 ||   107
       Steam dragon scal |       |       |    53 ||    53
Dodge: Dodged            |    55 |    64 |    93 ||   212
